MLB
NEW YORK YANKEES @ ATLANTA BRAVES
08/15/2023
 
TOP OF THE 1ST
New York Yankees batting - Pitching for Atlanta Braves : LHP Robbie Ray
Pitching: LHP Robbie Ray
Batting: LHB Tony Kemp 0-0: Called Strike
0-1: Swinging Strike
0-2: Ball
1-2: Ball
2-2: Ball
3-2: Strikes out looking
Batting: SHB Jorge Polanco 0-0: Ball
1-0: Called Strike
1-1: Ball
2-1: Fly out, F8 (Line Drive, 8RM, EV 103.8 MPH)
Batting: LHB Charlie Blackmon 0-0: Ball
1-0: Foul Ball, location: 2F
1-1: Ball
2-1: Ball
3-1: Called Strike
3-2: Foul Ball, location: 7LMF
3-2: Foul Ball, location: 3F
3-2: Ground out U3 (Groundball, 3, EV 88.1 MPH)
Top of the 1st over - 0 runs, 0 hits, 0 errors, 0 left on base; New York 0 - Atlanta 0
BOTTOM OF THE 1ST
Atlanta Braves batting - Pitching for New York Yankees : RHP Bryce Miller
Pitching: RHP Bryce Miller
Batting: RHB Ronald Acuna Jr. 0-0: Called Strike
0-1: Ball
1-1: Swinging Strike
1-2: Ball
2-2: Foul Ball, location: 5F
2-2: Strikes out swinging
Batting: RHB Jorge Mateo 0-0: Bunted foul
0-1: Ball
1-1: Ground out 5-3 (Groundball, 56, EV 90.0 MPH)
Batting: RHB Vladimir Guerrero Jr. 0-0: Ground out 6-3 (Groundball, 6M, EV 85.6 MPH)
Bottom of the 1st over - 0 runs, 0 hits, 0 errors, 0 left on base; New York 0 - Atlanta 0
TOP OF THE 2ND
New York Yankees batting - Pitching for Atlanta Braves : LHP Robbie Ray
Batting: RHB Paul Goldschmidt 0-0: Called Strike
0-1: SINGLE (Groundball, 34D, EV 105.6 MPH)
Batting: RHB DJ LeMahieu 0-0: Ball
1-0: Called Strike
1-1: DOUBLE (Line Drive, 9LS, EV 96.9 MPH)
Paul Goldschmidt to third
Batting: LHB Garrett Stubbs 0-0: Called Strike
0-1: SINGLE (Groundball, 4MD, EV 94.4 MPH)
Paul Goldschmidt scores
DJ LeMahieu to third
Batting: RHB Michael Helman 0-0: Ball
1-0: Foul Ball, location: 9LMF
1-1: Called Strike
1-2: Ball
2-2: Foul Ball, location: 7LMF
2-2: SINGLE (Groundball, 13, EV 66.9 MPH) (infield hit)
Garrett Stubbs to second
Batting: RHB Eloy Jimenez 0-0: Ball
1-0: Swinging Strike
1-1: Ball
2-1: Foul Ball, location: 5SF
2-2: Foul Ball, location: 2F
2-2: Fly out, F7 (Flyball, 7S, EV 96.3 MPH)
Batting: LHB Felix Pie 0-0: Fielders Choice at 2nd, 6-4 (Groundball, 6M, EV 100.6 MPH)
DJ LeMahieu scores
Garrett Stubbs to third
Batting: LHB Tony Kemp 0-0: Called Strike
0-1: Ball
1-1: TRIPLE (Groundball, 3L, EV 97.5 MPH)
Garrett Stubbs scores
Felix Pie scores
Batting: SHB Jorge Polanco 0-0: Ball
1-0: Ball
2-0: Ball
3-0: Called Strike
3-1: Called Strike
3-2: SINGLE (Groundball, 6S, EV 63.1 MPH) (infield hit)
Tony Kemp scores
Batting: LHB Charlie Blackmon 0-0: Swinging Strike
0-1: Ball
1-1: Called Strike
1-2: Ball
2-2: Strikes out swinging
Top of the 2nd over - 5 runs, 6 hits, 0 errors, 1 left on base; New York 5 - Atlanta 0
BOTTOM OF THE 2ND
Atlanta Braves batting - Pitching for New York Yankees : RHP Bryce Miller
Batting: LHB Yordan Alvarez 0-0: Called Strike
0-1: Foul Ball, location: 9LSF
0-2: Foul Ball, location: 7LSF
0-2: Ball
1-2: Strikes out swinging
Batting: LHB Kyle Schwarber 0-0: Foul Ball, location: 2F
0-1: Ball
1-1: Foul Ball, location: 7LSF
1-2: Ball
2-2: Ball
3-2: SOLO HOME RUN (Flyball, 9LD, EV 93.8 MPH), Distance : 354 ft
Batting: LHB Corey Seager 0-0: Ground out 5-3 (Groundball, 56S, EV 89.4 MPH)
Batting: RHB Yan Gomes 0-0: Ball
1-0: Swinging Strike
1-1: Ball
2-1: Ball
3-1: Swinging Strike
3-2: SINGLE (Line Drive, 4D, EV 105.6 MPH)
Batting: RHB Austin Barnes 0-0: Swinging Strike
0-1: Called Strike
0-2: Ball
1-2: Foul Ball, location: 2F
1-2: Foul Ball, location: 2RF
1-2: Foul Ball, location: 9LSF
1-2: Foul Ball, location: 2F
1-2: SINGLE (Line Drive, 3D, EV 99.4 MPH)
Yan Gomes to second
Batting: RHB Jose Siri 0-0: Ball
1-0: Fielders Choice at 2nd, 6-4 (Groundball, 6, EV 87.5 MPH)
Bottom of the 2nd over - 1 run, 3 hits, 0 errors, 2 left on base; New York 5 - Atlanta 1
TOP OF THE 3RD
New York Yankees batting - Pitching for Atlanta Braves : LHP Robbie Ray
Batting: RHB Paul Goldschmidt 0-0: Called Strike
0-1: Foul Ball, location: 9LDF
0-2: Foul Ball, location: 2F
0-2: Strikes out swinging
Batting: RHB DJ LeMahieu 0-0: Ball
1-0: Foul Ball, location: 7LDF
1-1: Ball
2-1: Called Strike
2-2: Fly out, F8 (Flyball, 8RM, EV 85.6 MPH)
Batting: LHB Garrett Stubbs 0-0: Swinging Strike
0-1: Foul Ball, location: 7LDF
0-2: Foul Ball, location: 2F
0-2: Foul Ball, location: 7LDF
0-2: Ball
1-2: Strikes out swinging
Top of the 3rd over - 0 runs, 0 hits, 0 errors, 0 left on base; New York 5 - Atlanta 1
BOTTOM OF THE 3RD
Atlanta Braves batting - Pitching for New York Yankees : RHP Bryce Miller
Batting: RHB Ronald Acuna Jr. 0-0: Called Strike
0-1: Swinging Strike
0-2: Ball
1-2: Ball
2-2: Ball
3-2: Fly out, F9 (Flyball, 89M, EV 86.3 MPH)
Batting: RHB Jorge Mateo 0-0: Ground out 3-1 (Groundball, 34, EV 101.3 MPH)
Batting: RHB Vladimir Guerrero Jr. 0-0: Fly out, F8 (Flyball, 78S, EV 99.4 MPH)
Bottom of the 3rd over - 0 runs, 0 hits, 0 errors, 0 left on base; New York 5 - Atlanta 1
TOP OF THE 4TH
New York Yankees batting - Pitching for Atlanta Braves : LHP Robbie Ray
Pitching: LHP Matthew Boyd
Batting: RHB Michael Helman 0-0: Called Strike
0-1: Ball
1-1: Swinging Strike
1-2: Ball
2-2: Ball
3-2: Base on Balls
Batting: RHB Eloy Jimenez 0-0: Swinging Strike
0-1: Foul Ball, location: 5DF
0-2: Ball
1-2: Fly out, F8 (Line Drive, 8LM, EV 90.6 MPH)
Batting: LHB Felix Pie 0-0: Ball
1-0: Called Strike
1-1: Ball
2-1: Ball
3-1: Foul Ball, location: 2F
3-2: Foul Ball, location: 5F
3-2: Foul Ball, location: 3SF
3-2: Strikes out swinging
Batting: LHB Tony Kemp 0-0: Called Strike
0-1: Fly out, F4 (Popup, 13, EV 82.5 MPH)
Top of the 4th over - 0 runs, 0 hits, 0 errors, 1 left on base; New York 5 - Atlanta 1
BOTTOM OF THE 4TH
Atlanta Braves batting - Pitching for New York Yankees : RHP Bryce Miller
Batting: LHB Yordan Alvarez 0-0: Ball
1-0: Called Strike
1-1: DOUBLE (Flyball, 8RXD, EV 98.1 MPH)
Batting: LHB Kyle Schwarber 0-0: Foul Ball, location: 3F
0-1: Foul Ball, location: 2LF
0-2: SINGLE (Line Drive, 3L, EV 96.9 MPH)
Yordan Alvarez to third
Batting: LHB Corey Seager 0-0: Ball
1-0: Called Strike
1-1: Fielders Choice at 2nd, 4-6 (Groundball, 4, EV 86.3 MPH)
Yordan Alvarez scores
Batting: RHB Yan Gomes 0-0: Called Strike
0-1: Foul Ball, location: 7LMF
0-2: SINGLE (Line Drive, 34D, EV 103.1 MPH)
Corey Seager to second
Batting: RHB Austin Barnes 0-0: Ball
1-0: Ball
Wild Pitch!
Corey Seager to third
Yan Gomes to second
2-0: Called Strike
2-1: Called Strike
2-2: Fly out, F9 (Flyball, 89M, EV 94.4 MPH)
Runner from 3rd tags up, SCORES, throw by RF
Yan Gomes to third
Batting: RHB Jose Siri 0-0: Called Strike
0-1: Fly out, F3 (Popup, 3F, EV 69.4 MPH)
Bottom of the 4th over - 2 runs, 3 hits, 0 errors, 1 left on base; New York 5 - Atlanta 3
TOP OF THE 5TH
New York Yankees batting - Pitching for Atlanta Braves : LHP Matthew Boyd
Batting: SHB Jorge Polanco 0-0: Ball
1-0: Foul Ball, location: 2F
1-1: Ball
2-1: SINGLE (Line Drive, 9LM, EV 100.0 MPH)
Batting: LHB Charlie Blackmon 0-0: Ball
1-0: Called Strike
1-1: 2-RUN HOME RUN (Flyball, 9D, EV 94.4 MPH), Distance : 375 ft
Pitching: RHP Dillon Tate
Batting: RHB Paul Goldschmidt 0-0: Called Strike
0-1: Ball
1-1: Ball
2-1: Foul Ball, location: 9LMF
2-2: Fly out, F8 (Flyball, 8RD, EV 105.0 MPH)
Batting: RHB DJ LeMahieu 0-0: Called Strike
0-1: Fly out, F6 (Popup, 6M, EV 60.6 MPH)
Batting: LHB Garrett Stubbs 0-0: Ball
1-0: Foul Ball, location: 5FF
1-1: Foul Ball, location: 7LMF
1-2: Foul Ball, location: 5F
1-2: SINGLE (Line Drive, 9S, EV 108.1 MPH)
Batting: RHB Michael Helman 0-0: Ball
1-0: SINGLE (Line Drive, 6D, EV 108.8 MPH)
Garrett Stubbs to second
Runner from 2nd tries for 3rd, SAFE, no throw by CF
Batting: RHB Eloy Jimenez 0-0: Ball
1-0: Called Strike
1-1: Foul Ball, location: 2F
1-2: Ball
2-2: Ball
3-2: Fly out, F9 (Flyball, 89M, EV 90.0 MPH)
Top of the 5th over - 2 runs, 4 hits, 0 errors, 2 left on base; New York 7 - Atlanta 3
BOTTOM OF THE 5TH
Atlanta Braves batting - Pitching for New York Yankees : RHP Bryce Miller
Batting: RHB Ronald Acuna Jr. 0-0: Foul Ball, location: 25F
0-1: Ball
1-1: Foul Ball, location: 5DF
1-2: Hit by Pitch
Batting: RHB Jorge Mateo 0-0: SINGLE (Line Drive, 78S, EV 110.0 MPH)
Ronald Acuna Jr. to second
Batting: RHB Vladimir Guerrero Jr. 0-0: Foul Ball, location: 5FF
0-1: Called Strike
0-2: Ball
1-2: Hit by Pitch
Ronald Acuna Jr. to third
Jorge Mateo to second
Batting: LHB Yordan Alvarez 0-0: Foul Ball, location: 25F
0-1: Ball
1-1: SINGLE (Groundball, 4D, EV 101.9 MPH)
Ronald Acuna Jr. scores
Jorge Mateo to third
Vladimir Guerrero Jr. to second
Runner from 3rd tries for Home, SAFE, throw by CF to home
Pitching: RHP Jacob Webb
Batting: LHB Kyle Schwarber 0-0: Ball
1-0: Foul Ball, location: 2F
1-1: Called Strike
1-2: Ball
Wild Pitch!
Vladimir Guerrero Jr. to third
Yordan Alvarez to second
2-2: Strikes out swinging
Batting: LHB Corey Seager 0-0: Swinging Strike
0-1: Called Strike
0-2: Ball
1-2: Foul Ball, location: 7LDF
1-2: 3-RUN HOME RUN (Flyball, 7D, EV 95.6 MPH), Distance : 371 ft
Batting: RHB Yan Gomes 0-0: Foul Ball, location: 25FF
0-1: Foul Ball, location: 25FF
0-2: Ball
1-2: Strikes out swinging
Batting: RHB Austin Barnes 0-0: Called Strike
0-1: Ball
1-1: Ball
2-1: Swinging Strike
2-2: Strikes out swinging
Bottom of the 5th over - 5 runs, 3 hits, 0 errors, 0 left on base; New York 7 - Atlanta 8
TOP OF THE 6TH
New York Yankees batting - Pitching for Atlanta Braves : RHP Dillon Tate
Pitching: RHP Hunter Harvey
Batting: LHB Felix Pie 0-0: Called Strike
0-1: Ball
1-1: SINGLE (Line Drive, 78S, EV 91.9 MPH)
Batting: LHB Tony Kemp 0-0: Ball
1-0: Fly out, F8 (Flyball, 8LD, EV 88.1 MPH)
Batting: SHB Jorge Polanco 0-0: Called Strike
0-1: Foul Ball, location: 2F
0-2: Ball
1-2: Ball
2-2: Foul Ball, location: 2F
2-2: Strikes out swinging
Batting: LHB Charlie Blackmon 0-0: Called Strike
0-1: Foul Ball, location: 7LMF
0-2: Strikes out swinging
Top of the 6th over - 0 runs, 1 hit, 0 errors, 1 left on base; New York 7 - Atlanta 8
BOTTOM OF THE 6TH
Atlanta Braves batting - Pitching for New York Yankees : RHP Jacob Webb
Batting: RHB Jose Siri 0-0: Ball
1-0: Called Strike
1-1: Ball
2-1: SINGLE (Groundball, 56D, EV 102.5 MPH)
Batting: RHB Ronald Acuna Jr. 0-0: Called Strike
0-1: Swinging Strike
0-2: Strikes out swinging
Batting: RHB Jorge Mateo 0-0: Ball
1-0: Called Strike
1-1: Fly out, F4 (Popup, 34, EV 79.4 MPH)
Pitching: RHP Jordan Romano
Batting: RHB Vladimir Guerrero Jr. 0-0: Fly out, F7 (Flyball, 7, EV 93.8 MPH)
Bottom of the 6th over - 0 runs, 1 hit, 0 errors, 1 left on base; New York 7 - Atlanta 8
TOP OF THE 7TH
New York Yankees batting - Pitching for Atlanta Braves : RHP Hunter Harvey
Pitching: RHP Ryan Brasier
Batting: RHB Paul Goldschmidt 0-0: SINGLE (Groundball, 56S, EV 70.6 MPH) (infield hit)
Batting: RHB DJ LeMahieu 0-0: Ball
1-0: SINGLE (Line Drive, 5D, EV 100.0 MPH)
Paul Goldschmidt to second
Batting: LHB Garrett Stubbs 0-0: Ball
1-0: Called Strike
1-1: Called Strike
1-2: Ball
2-2: Foul Ball, location: 2F
2-2: Foul Ball, location: 3FF
2-2: Ball
3-2: Base on Balls
Paul Goldschmidt to third
DJ LeMahieu to second
Batting: RHB Michael Helman 0-0: Ball
1-0: Fly out, F8 (Flyball, 8LD, EV 104.4 MPH)
Runner from 3rd tags up, SCORES, throw by CF
Batting: RHB Eloy Jimenez 0-0: Ball
1-0: Called Strike
1-1: Ball
2-1: Fly out, F9 (Flyball, 9D, EV 88.1 MPH)
Runner from 2nd tags up, SAFE at 3rd, no throw by RF
Batting: LHB Felix Pie 0-0: Foul Ball, location: 25F
0-1: Called Strike
0-2: Foul Ball, location: 5FF
0-2: Strikes out swinging
Top of the 7th over - 1 run, 2 hits, 0 errors, 2 left on base; New York 8 - Atlanta 8
BOTTOM OF THE 7TH
Atlanta Braves batting - Pitching for New York Yankees : RHP Jordan Romano
Batting: LHB Yordan Alvarez 0-0: Foul Ball, location: 7LMF
0-1: Ball
1-1: Foul Ball, location: 2F
1-2: SINGLE (Flyball, 8LS, EV 96.3 MPH)
Batting: LHB Kyle Schwarber 0-0: Called Strike
0-1: Foul Ball, location: 2F
0-2: Grounds into double play, 4-6-3 (Groundball, 4, EV 84.4 MPH)
Batting: LHB Corey Seager 0-0: Called Strike
0-1: SINGLE (Flyball, 89S, EV 91.9 MPH)
Batting: RHB Yan Gomes 0-0: Ball
1-0: Swinging Strike
1-1: Ball
2-1: Ball
3-1: Base on Balls
Corey Seager to second
Pinch Hitting: SHB Wander Franco 0-0: Foul Ball, location: 3F
0-1: Foul Ball, location: 2F
0-2: Foul Ball, location: 2F
0-2: Ground out U3 (Groundball, 3, EV 88.8 MPH)
Bottom of the 7th over - 0 runs, 2 hits, 0 errors, 2 left on base; New York 8 - Atlanta 8
TOP OF THE 8TH
New York Yankees batting - Pitching for Atlanta Braves : RHP Ryan Brasier
Pitching: RHP Tanner Rainey
Now at 2B: Wander Franco
Batting: LHB Tony Kemp 0-0: Ball
1-0: Fly out, F8 (Flyball, 8LXD, EV 111.3 MPH)
Batting: SHB Jorge Polanco 0-0: Fly out, F9 (Flyball, 9S, EV 90.6 MPH)
Batting: LHB Charlie Blackmon 0-0: Called Strike
0-1: Called Strike
0-2: Foul Ball, location: 2F
0-2: Strikes out swinging
Top of the 8th over - 0 runs, 0 hits, 0 errors, 0 left on base; New York 8 - Atlanta 8
BOTTOM OF THE 8TH
Atlanta Braves batting - Pitching for New York Yankees : RHP Jordan Romano
Pitching: RHP Hayden Wesneski
Pinch Hitting: LHB Tommy La Stella 0-0: Ball
1-0: Foul Ball, location: 2F
1-1: Ball
2-1: Swinging Strike
2-2: Foul Ball, location: 25F
2-2: Ball
3-2: Base on Balls
Batting: RHB Ronald Acuna Jr. 0-0: Ball
1-0: Called Strike
1-1: Ball
2-1: Called Strike
2-2: Foul Ball, location: 2F
2-2: Strikes out swinging
Batting: RHB Jorge Mateo 0-0: SINGLE (Line Drive, 4M, EV 69.4 MPH)
Tommy La Stella to second
Batting: RHB Vladimir Guerrero Jr. 0-0: Swinging Strike
0-1: Ball
1-1: Foul Ball, location: 9LSF
1-2: Ball
2-2: Foul Ball, location: 5FF
2-2: Ball
3-2: Fly out, F9 (Flyball, 9D, EV 81.9 MPH)
Runner from 2nd tags up, SAFE at 3rd, no throw by RF
Batting: LHB Yordan Alvarez 0-0: Foul Ball, location: 23F
0-1: Called Strike
Jorge Mateo steals 2nd base
0-2: Ball
1-2: DOUBLE (Flyball, 89XD, EV 104.4 MPH)
Tommy La Stella scores
Jorge Mateo scores
Pitching: LHP Caleb Ferguson
Batting: RHB Tyler O'Neill 0-0: Foul Ball, location: 2F
0-1: Ball
1-1: Called Strike
1-2: Strikes out swinging
Bottom of the 8th over - 2 runs, 2 hits, 0 errors, 1 left on base; New York 8 - Atlanta 10
TOP OF THE 9TH
New York Yankees batting - Pitching for Atlanta Braves : RHP Tanner Rainey
Pitching: LHP Drew Pomeranz
Now at 2B: Tommy La Stella
Now at 3B: Wander Franco
Now in CF: Jorge Mateo
Now in RF: Ronald Acuna Jr.
Batting: RHB Paul Goldschmidt 0-0: Swinging Strike
0-1: Ball
1-1: Fly out, F6 (Flyball, 56D, EV 89.4 MPH)
Batting: RHB DJ LeMahieu 0-0: Ball
1-0: Swinging Strike
1-1: Fly out, F8 (Flyball, 8LS, EV 80.6 MPH)
Pinch Hitting: RHB Willson Contreras 0-0: Ball
1-0: Ball
2-0: Called Strike
2-1: Ball
3-1: Swinging Strike
3-2: Foul Ball, location: 5FF
3-2: Foul Ball, location: 5DF
3-2: Strikes out swinging
Top of the 9th over - 0 runs, 0 hits, 0 errors, 0 left on base; New York 8 - Atlanta 10
Sunday, October 29th , 2023 - OOTP Baseball 24.10 Build 82